 Dungeon Crawl Stone Soup version 0.25-a0-731-g0472a16d6a (webtiles) character file.

Game seed: 12541620453481152784, levelgen mode: deterministic

9807 CATOTA the Grappler (level 11, -3/115 HPs)
             Began as a Troll Monk on Apr 9, 2020.
             Was an Initiate of Gozag.
             Slain by a nine-headed hydra (16 damage)
             ... on level 11 of the Dungeon.
             The game lasted 00:27:53 (8212 turns).

CATOTA the Grappler (Troll Monk)                    Turns: 8212, Time: 00:27:54

Health: -3/115     AC:  8    Str: 24    XL:     11   Next: 27%
Magic:  13/13      EV: 13    Int:  6    God:    Gozag
Gold:   1851       SH:  2    Dex: 14    Spells: 10/10 levels left

rFire    . . .     SeeInvis .     - Unarmed
rCold    . . .     Gourm    +   (no shield)
rNeg     . . .     Faith    .   a - +0 robe
rPois    .         Spirit   .   (helmet restricted)
rElec    .         Reflect  +   p - +1 cloak
rCorr    .         Harm     .   (gloves unavailable)
MR       .....                  (boots unavailable)
Stlth    ++........             z - +2 amulet of reflection
HPRegen  0.69/turn              (no ring)
MPRegen  0.13/turn              (no ring)

@: no status effects
A: large, unfitting armour, claws 3, thin skeletal structure 1, blurry vision 1,
fast metabolism 3, gourmand, regeneration 1, shaggy fur 1, tough skin 3, wild
magic 1
a: Potion Petition, Call Merchant, Bribe Branch, Renounce Religion


You were on level 11 of the Dungeon.
You worshipped Gozag.
Gozag was most pleased with you.
You were not hungry.

You visited 1 branch of the dungeon, and saw 12 of its levels.

You collected 2060 gold pieces.
You spent 209 gold pieces at shops.

Inventory:

Missiles
 s - 2 throwing nets (quivered)
Armour
 a - a +0 robe (worn)
 p - a +1 cloak (worn)
 u - a +0 buckler
Jewellery
 z - a +2 amulet of reflection (around neck)
Wands
 r - a wand of iceblast (10)
 v - a wand of flame (21)
 w - a wand of disintegration (14)
Scrolls
 c - a scroll of teleportation
 e - 8 scrolls of remove curse
 h - 2 scrolls of magic mapping
 j - 3 scrolls of enchant armour
 k - a scroll of silence
 q - 3 scrolls of random uselessness
 t - 2 scrolls of blinking
 x - 3 scrolls of enchant weapon
 y - a scroll of vulnerability
Potions
 d - 6 potions of curing
 f - a potion of degeneration
 g - 4 potions of heal wounds
 i - 2 potions of invisibility
 m - 3 potions of might
 n - a potion of magic
 o - 2 potions of brilliance
Comestibles
 b - 3 rations


   Skills:
 - Level 9.1 Fighting
 + Level 4.7 Armour
 + Level 5.5 Dodging
 - Level 1.0 Stealth
 - Level 10.8 Unarmed Combat
 - Level 4.1 Evocations


You had 10 spell levels left.
You didn't know any spells.
Your spell library contained the following spells:

 Spells                   Type           Power        Failure   Level  Hunger
 Animate Skeleton         Necr           N/A          54%         1    ##.....
 Pain                     Necr           #...         54%         1    ##.....
 Vampiric Draining        Necr           #.........   88%         3    ####...
 Animate Dead             Necr           N/A          99%         4    #####..
 Agony                    Necr           #.......     100%        5    ######.


Dungeon Overview and Level Annotations

Branches:
Dungeon (12/15)            Temple (0/1) D:4
   Lair: D:8-11         Orc: D:9-12

Altars:
Cheibriados
Dithmenos
Elyvilon
Gozag
Hepliaklqana
Kikubaaqudgha
Nemelex Xobeh
Ru
Uskayaw
Vehumet
The Shining One

Shops:
D:6 !


Innate Abilities, Weirdness & Mutations

You are too large for most types of armour.
You have claws for hands.
Your metabolism is lightning-fast.
You like to eat raw meat.
Your natural rate of healing is unusually fast.
You are covered in fur. (AC +1)
You have extremely tough skin. (AC +3)
You have a somewhat thin skeletal structure. (Dex +2, Stealth)
Scrolls take you a little longer to read.
Your spells are a little harder to cast, but a little more powerful.


Message History

The seven-headed hydra closely misses you.
You claw one of the seven-headed hydra's heads off!
The six-headed hydra grows two more!
You mangle the eight-headed hydra!!
The eight-headed hydra is severely wounded.
You rip one of the eight-headed hydra's heads off!
The seven-headed hydra grows two more!
You mangle the nine-headed hydra!!
The nine-headed hydra is severely wounded.
The nine-headed hydra closely misses you.
The nine-headed hydra bites you but does no damage.
The nine-headed hydra completely misses you.
The nine-headed hydra bites you. The nine-headed hydra bites you!
The nine-headed hydra bites you but does no damage.
The nine-headed hydra bites you! x2
* * * LOW HITPOINT WARNING * * *
The nine-headed hydra bites you!!
* * * LOW HITPOINT WARNING * * *
The nine-headed hydra barely misses you.
The nine-headed hydra bites you!
You die...
Your body crumbles into a pile of gold.

#########. #.........
################.#######.#
.................#######.###
######.##.##.>..@D....$....#
#
######.#...#.###########.#.#
# .....#.......# .. #
###...##...### .# #
.>..........# .. ...
###...###.#.# ..... # ##)##
#.#.# ### ####)## #.#
......# .#


You could see a nine-headed hydra.

Vanquished Creatures
  A two-headed ogre (D:9)
  2 unseen horrors
  Pikel (D:5)
  2 trolls
  Prince Ribbit (D:6)
  A hornet (D:10)
  2 hippogriffs
  A slime creature (D:7)
  A water moccasin (D:7)
  5 orc warriors
  A slave (D:5)
  A necrophage (D:6)
  4 ice beasts
  2 black bears
  2 centaurs
  3 sky beasts
  3 ogres
  6 phantoms
  A crocodile (D:12)
  Blork the orc (D:5)
  2 big kobolds
  4 bullfrogs
  7 scorpions
  10 killer bees
  9 wights
  6 howler monkeys
  2 crimson imps
  A centaur zombie (D:10)
  A bullfrog zombie (D:9)
  7 hounds
  3 quasits
  Crazy Yiuf (D:2)
  8 jellies
  A bullfrog skeleton (D:4)
  3 orc priests
  3 centaur skeletons
  13 orc wizards
  6 iguanas
  8 worker ants
  A worker ant zombie (D:5)
  A gnoll (D:6)
  A howler monkey skeleton (D:7)
  15 adders
  2 shadow imps
  17 oozes
  2 adder zombies (D:5)
  4 adder skeletons
  A worm (D:2)
  A dart slug (D:1)
  5 leopard geckos
  33 orcs
  2 ball pythons
  7 bats
  7 giant cockroaches
  5 goblins
  8 hobgoblins
  9 jackals
  3 quokkas
  6 frilled lizards
  2 jackal skeletons
  A jackal zombie (D:5)
  17 kobolds
  A leopard gecko zombie (D:7)
  A quokka skeleton (D:7)
  9 rats
  4 fungi (D:5)
301 creatures vanquished.

Vanquished Creatures (others)
  4 fungi (D:7)
4 creatures vanquished.

Grand Total: 305 creatures vanquished

Notes
Turn   | Place    | Note
-------+----------+-------------------------------------------
     0 | D:1      | CATOTA the Troll Monk began the quest for the Orb.
     0 | D:1      | Reached XP level 1. HP: 22/22 MP: 0/0
    37 | D:1      | Reached XP level 2. HP: 20/29 MP: 1/1
   214 | D:1      | Reached XP level 3. HP: 37/37 MP: 2/2
   866 | D:3      | Reached skill level 4 in Unarmed Combat
   877 | D:2      | Reached XP level 4. HP: 30/45 MP: 3/3
  1361 | D:2      | Found a runed translucent door.
  1362 | D:2      | Noticed Crazy Yiuf
  1373 | D:2      | Killed Crazy Yiuf
  1373 | D:2      | Reached XP level 5. HP: 26/54 MP: 4/4
  1711 | D:3      | Reached skill level 5 in Unarmed Combat
  1797 | D:3      | Reached XP level 6. HP: 62/62 MP: 5/5
  1816 | D:3      | Found a hazy altar of Hepliaklqana.
  1977 | D:3      | Found an opulent altar of Gozag.
  2010 | D:3      | Became a worshipper of Gozag Ym Sagoz the Greedy
  2463 | D:4      | Found a staircase to the Ecumenical Temple.
  2814 | D:4      | Reached skill level 5 in Fighting
  2814 | D:4      | Reached skill level 6 in Unarmed Combat
  2814 | D:4      | Reached XP level 7. HP: 51/72 MP: 6/6
  3090 | D:5      | Entered Level 5 of the Dungeon
  3211 | D:5      | Noticed Blork the orc
  3216 | D:5      | Killed Blork the orc
  3460 | D:5      | Noticed Pikel
  3483 | D:5      | Killed Pikel
  3483 | D:5      | Reached skill level 7 in Unarmed Combat
  3483 | D:5      | Reached XP level 8. HP: 62/84 MP: 7/7
  3628 | D:5      | Reached skill level 8 in Unarmed Combat
  4215 | D:6      | Reached XP level 9. HP: 29/93 MP: 8/8
  4300 | D:6      | Gained mutation: Scrolls take you a little longer to read.
                  | [potion of mutation]
  4300 | D:6      | Gained mutation: Your body sometimes deteriorates upon
                  | taking damage. [potion of mutation]
  4300 | D:6      | Gained mutation: You have a somewhat thin skeletal
                  | structure. (Dex +2, Stealth) [potion of mutation]
  4300 | D:6      | Gained mutation: You are partially covered in slimy green
                  | scales. (AC +2) [potion of mutation]
  4442 | D:6      | Reached skill level 9 in Unarmed Combat
  4540 | D:6      | Found a white marble altar of Elyvilon.
  4738 | D:6      | Noticed Prince Ribbit
  4750 | D:6      | Killed Prince Ribbit
  4827 | D:6      | Found Ugitre's Distillery.
  4833 | D:6      | Bought 2 potions of heal wounds for 110 gold pieces
  4833 | D:6      | Bought a potion of heal wounds for 55 gold pieces
  4833 | D:6      | Bought a potion of might for 44 gold pieces
  5189 | D:7      | Reached skill level 10 in Unarmed Combat
  5226 | D:7      | Killed an unseen horror
  5437 | D:7      | Reached XP level 10. HP: 67/107 MP: 9/9
  5924 | D:8      | Reached skill level 1 in Armour
  5984 | D:8      | Reached skill level 1 in Evocations
  6103 | D:9      | Noticed a two-headed ogre
  6182 | D:10     | Entered Level 10 of the Dungeon
  6325 | D:8      | Found a glowing golden altar of the Shining One.
  6325 | D:8      | Found a radiant altar of Vehumet.
  6331 | D:8      | Found a hide-covered altar of Uskayaw.
  6334 | D:8      | Found a snail-covered altar of Cheibriados.
  6336 | D:8      | Found a faded altar of an unknown god.
  6501 | D:8      | Found a sacrificial altar of Ru.
  6512 | D:8      | Lost mutation: Your body sometimes deteriorates upon taking
                  | damage. [potion of mutation]
  6512 | D:8      | Lost mutation: Scrolls take you a little longer to read.
                  | [potion of mutation]
  6512 | D:8      | Lost mutation: You are partially covered in slimy green
                  | scales. (AC +2) [potion of mutation]
  6512 | D:8      | Gained mutation: Scrolls take you a little longer to read.
                  | [potion of mutation]
  6512 | D:8      | Gained mutation: Your spells are a little harder to cast,
                  | but a little more powerful. [potion of mutation]
  6562 | D:8      | Found a sparkling altar of Nemelex Xobeh.
  6851 | D:9      | Killed a two-headed ogre
  6947 | D:9      | Found a shadowy altar of Dithmenos.
  7114 | D:9      | Found an ancient bone altar of Kikubaaqudgha.
  7331 | D:10     | Reached XP level 11. HP: 98/115 MP: 12/12
  7655 | D:10     | Reached skill level 5 in Dodging
  8195 | D:11     | Noticed a five-headed hydra
  8201 | D:11     | Killed an unseen horror
  8212 | D:11     | Slain by a nine-headed hydra

Levels and vault maps discovered:
D:1:      wander_arrival_fairy_ring, layout_rooms
D:2:      layout_basic, hangedman_decor_lopped, uniq_crazy_yiuf_cottage
D:3:      layout_loops_ring, overflow_temple_1_default,
          nicolae_gozag_seed_capital
D:4:      layout_basic, minmay_temple_entry_statues
D:5:      old_forge, layout_basic, first_ration, uniq_blork_the_orc, uniq_pikel
D:6:      layout_loops_corners, kennysheep_mini, serial_shops, shop,
          minmay_between, uniq_prince_ribbit1
D:7:      lemuel_slime, layout_rooms
D:8:      layout_loops_ring, nemelex_xobeh_ov_fountains_minmay,
          nicolae_overflow_crystal_walls, chequers_temple_overflow_minitemple
D:9:      layout_basic, nicolae_dithmenos_the_darkroom, kiku_gazebo_pond_becter
D:10:     layout_cave_pools
D:11:     layout_loops_ring, dpeg_lair_monsters, david_orc_1_choice
D:12:     layout_long_grid

Skill      XL: |  1  2  3  4  5  6  7  8  9 10 11 |
---------------+----------------------------------+-----
Fighting       | 3 4 5 6 7 9 |  9.1
Unarmed Combat | 4 5 6 7 8 10 | 10.8
Armour         | 3 4 |  4.7
Evocations     | 3 4 |  4.1
Dodging        | 4 5 |  5.5
Stealth        | |  1.0

Action                   |  1- 3 |  4- 6 |  7- 9 | 10-12 || total
-------------------------+-------+-------+-------+-------++-------
Melee: Unarmed           |    88 |   173 |   286 |   302 ||   849
       Punch             |       |     4 |    11 |    15 ||    30
  Use: Scroll            |       |     1 |    11 |     8 ||    20
       Potion            |       |       |     1 |     2 ||     3
 Stab: Sleeping          |       |     5 |     2 |     2 ||     9
       Distracted        |       |     1 |     2 |     1 ||     4
  Eat: Chunk             |    10 |    16 |       |       ||    26
       Ration            |       |       |     6 |     8 ||    14
Armor: Robe              |    63 |    58 |    86 |   112 ||   319
Dodge: Dodged            |    88 |    92 |   110 |   162 ||   452
Block: Other             |       |       |       |     6 ||     6

Table legend:
 A = Non-vault XP
 B = Vault XP
 C = Vault XP percentage of total XP
 D = Non-vault monster count
 E = Vault monster count
 F = Vault count percentage of total count
                 A         B        C        D         E       F
            +---------+---------+-------+---------+---------+-------
      Total |   11757 |    2254 |  16.1 |     256 |      40 |  13.5
            +---------+---------+-------+---------+---------+-------
        D:1 |      52 |       0 |   0.0 |      27 |       0 |   0.0
        D:2 |     103 |      42 |  29.0 |      21 |       1 |   4.5
        D:3 |     217 |       0 |   0.0 |      31 |       0 |   0.0
        D:4 |     409 |       0 |   0.0 |      19 |       0 |   0.0
        D:5 |     355 |     996 |  73.7 |      15 |       9 |  37.5
        D:6 |    1159 |     545 |  32.0 |      30 |       7 |  18.9
        D:7 |    1740 |     671 |  27.8 |      22 |      23 |  51.1
        D:8 |    1322 |       0 |   0.0 |      20 |       0 |   0.0
        D:9 |    3212 |       0 |   0.0 |      34 |       0 |   0.0
       D:10 |    1965 |       0 |   0.0 |      23 |       0 |   0.0
       D:11 |    1114 |       0 |   0.0 |      13 |       0 |   0.0
       D:12 |     109 |       0 |   0.0 |       1 |       0 |   0.0
            +---------+---------+-------+---------+---------+-------
